Map: Deathaura LE

Players

Leo (LeoRusher)

  • Race: Protoss Protoss
  • League: Grandmaster
  • Spawn Location: 11:00

TeebuL - Winner!

  • Race: Protoss Protoss
  • Spawn Location: 5:00

Event: DreamHack SC2 Masters 2020 Winter

VOD

Have the link to the VOD?

Description

Time

  • Played on: Oct. 16, 2020, 12:40 a.m.
  • Length: 9:37

All games in this series

Show
View Real Time Build Order
Export as new Build Order

Leo Protoss 

Build Orders: Blink Stalkers 

Get SALT Encoding   

  12  0:00  Probe  
  13  0:12  Probe  
  14  0:17  Pylon  
  14  0:24  Probe (Chrono Boost)  
  15  0:36  Gateway, Probe (Chrono Boost)  
  16  0:44  Probe (Chrono Boost)  
  16  0:46  Assimilator  
  17  0:51  Probe  
  17  0:55  Assimilator  
  18  1:03  Probe  
  19  1:08  Gateway  
  19  1:15  Probe  
  20  1:25  Cybernetics Core  
  20  1:27  Probe  
  21  1:41  Probe  
  22  1:47  Pylon  
  22  1:53  Probe  
  23  2:02  Warp Gate (Chrono Boost), Adept (Chrono Boost)  
  23  2:03  Adept (Chrono Boost)  
  27  2:24  Pylon  
  27  2:25  Adept x2  
  27  2:26  Pylon  
  31  2:55  Adept x2  
  35  3:02  Pylon  
  35  3:07  Twilight Council  
  33  3:30  Pylon  
  31  3:42  Blink (Chrono Boost)  
  31  3:47  Stalker x2  
  35  3:54  Probe  
  36  4:06  Probe  
  37  4:10  Stalker x2  
  39  4:21  Shield Battery  
  39  4:29  Nexus  
  39  4:37  Stalker  
  39  4:47  Pylon  
  39  5:01  Gateway, Probe  
  35  5:13  Probe (Chrono Boost)  
  32  5:25  Stalker, Probe (Chrono Boost)  
  35  5:30  Stalker  
  35  5:34  Probe (Chrono Boost)  
  39  5:49  Stalker  
  34  5:55  Probe (Chrono Boost)  
  36  6:05  Probe (Chrono Boost)  
  36  6:11  Probe  
  36  6:13  Probe  
  36  6:14  Stalker  
  40  6:23  Probe  
  40  6:25  Probe  
  39  6:35  Probe  
  39  6:37  Probe (Chrono Boost)  
  34  6:40  Stalker  
  35  6:48  Probe (Chrono Boost)  
  35  6:50  Probe (Chrono Boost)  
  37  6:58  Probe x2 (Chrono Boost)  
  39  7:03  Probe (Chrono Boost)  
  39  7:04  Probe  
  41  7:09  Charge (Chrono Boost)  
  41  7:15  Probe  
  42  7:17  Probe  
  43  7:27  Probe  
  43  7:29  Probe  
  45  7:39  Stalker, Probe (Chrono Boost)  
  45  7:40  Stalker  
  45  7:42  Probe (Chrono Boost)  
  51  7:45  Sentry  
  51  7:51  Probe (Chrono Boost)  
  51  7:58  Probe (Chrono Boost)  
  51  7:59  Probe (Chrono Boost)  
  48  8:06  Stalker  
  48  8:07  Probe  
  48  8:08  Probe  
  51  8:17  Zealot x2  
  55  8:21  Probe  
  55  8:23  Probe (Chrono Boost)  
  57  8:31  Zealot  
  57  8:33  Probe (Chrono Boost)  
  58  8:41  Zealot, Probe (Chrono Boost)  
  59  8:53  Zealot  
  59  8:54  Zealot  
  62  8:57  Pylon  
  62  9:04  Gateway  
  62  9:06  Gateway  
  62  9:07  Pylon  
  62  9:15  Probe (Chrono Boost)  
  62  9:16  Gateway  
  64  9:18  Probe (Chrono Boost)  
Show
View Real Time Build Order
Export as new Build Order

TeebuL Protoss - Winner!

Build Orders:  

Get SALT Encoding   

  12  0:02  Probe  
  13  0:14  Probe  
  14  0:17  Pylon  
  14  0:26  Probe (Chrono Boost)  
  15  0:36  Gateway  
  15  0:38  Probe (Chrono Boost)  
  16  0:43  Probe (Chrono Boost)  
  16  0:47  Assimilator  
  17  0:52  Probe  
  17  0:55  Assimilator  
  18  1:04  Probe  
  18  1:09  Gateway  
  19  1:16  Pylon  
  19  1:25  Cybernetics Core  
  19  1:27  Probe (Chrono Boost)  
  20  1:37  Pylon  
  20  1:39  Probe (Chrono Boost)  
  21  1:48  Probe (Chrono Boost)  
  21  1:53  Probe  
  23  2:02  Stalker x2  
  23  2:06  Probe  
  23  2:08  Warp Gate, Pylon  
  28  2:16  Pylon  
  28  2:39  Probe  
  28  2:40  Shield Battery  
  29  2:50  Stalker x2  
  33  2:52  Probe  
  34  3:03  Shield Battery  
  34  3:15  Probe  
  35  3:24  Stargate  
  35  3:27  Probe  
  36  3:45  Cybernetics Core  
  36  3:48  Shield Battery  
  36  3:51  Probe  
  36  3:52  Nexus  
  37  3:59  Shield Battery  
  36  4:05  Oracle (Chrono Boost)  
  39  4:16  Shield Battery  
  39  4:20  Pylon, Probe  
  39  4:36  Oracle (Chrono Boost)  
  39  4:38  Probe  
  39  4:45  Robotics Facility  
  43  4:49  Pylon, Sentry  
  43  4:51  Probe (Chrono Boost)  
  46  5:02  Probe (Chrono Boost)  
  46  5:06  Probe (Chrono Boost)  
  48  5:07  Probe (Chrono Boost)  
  46  5:17  Probe (Chrono Boost)  
  46  5:18  Probe (Chrono Boost)  
  48  5:27  Adept x2, Probe (Chrono Boost)  
  48  5:28  Probe (Chrono Boost)  
  54  5:32  Probe (Chrono Boost)  
  54  5:33  Observer, Probe (Chrono Boost)  
  57  5:43  Pylon, Probe  
  57  5:44  Probe  
  59  5:53  Immortal (Chrono Boost)  
  59  5:55  Probe  
  59  5:56  Probe  
  65  5:58  Assimilator, Sentry  
  65  6:00  Assimilator  
  65  6:02  Stalker  
  69  6:07  Probe  
  69  6:08  Probe  
  71  6:14  Shield Battery  
  71  6:15  Shield Battery  
  71  6:18  Pylon  
  71  6:20  Probe  
  71  6:24  Stalker  
  74  6:31  Probe  
  75  6:35  Stalker  
  75  6:38  Immortal (Chrono Boost)  
  75  6:39  Twilight Council  
  75  6:49  Stalker  
  75  6:51  Probe  
  78  6:56  Gateway  
  78  6:59  Gateway  
  78  7:01  Gateway  
  78  7:02  Stalker  
  78  7:08  Observer  
  80  7:13  Warp Prism (Chrono Boost)  
  80  7:14  Forge  
  82  7:16  Blink (Chrono Boost)  
  82  7:22  Stalker  
  84  7:43  Dark Shrine  
  84  7:50  Stalker  
  86  7:53  Nexus  
  86  7:54  Pylon  
  86  8:08  Nexus  
  86  8:15  Stalker x4  
  86  8:19  Photon Cannon  
  94  8:23  Pylon  
  94  8:25  Shield Battery  
  92  8:42  Probe, Immortal  
  92  8:44  Pylon  
  97  8:53  Stalker x2  
  101  8:59  Pylon x2  
  101  9:05  Photon Cannon, Probe  
  101  9:07  Pylon  
  101  9:09  Dark Templar  
  102  9:13  Dark Templar  
  102  9:17  Probe x2  
  103  9:24  Dark Templar x2  
Tags
 
Add a new tag
Caveats
  • Supply blocks, unpowered buildings, or Contaminate may cause inaccurate times.
  • Supply counts are checked every 10 seconds.